AoeStats
← PAN71226

Arabia

509982594Analyzed
1v1 RM · 3d ago on Sep 28, 2026· 40m 35s· 2 players
Game mode
Random Map
Map size
Tiny (2 player)
Population
200
Speed
Normal
Resources
Standard
Victory
Conquest
Starting age
Dark Age
Ending age
Imperial Age
RankedLock teamsTeams togetherTeam positionsShared explorationLock speedFull tech treeHidden civsTurbo modeCheats
Victory
Defeat
🇷🇴 Romans · Romania
945
+15
🇨🇴 Persians · Colombia
925
-15
PAN71226
8:58 Feudal Age
8:39 Loom
11:39 Town Watch
17:49 Fletching
23:58 Stone Mining
27:08 Castle Age
25:58 Gold Mining
26:36 Scale Barding Armor
27:30 Bodkin Arrow
28:04 Parthian Tactics
27:46 Double-Bit Axe
KingR
7:19 Loom
10:00 Feudal Age
10:15 Man-at-Arms
12:53 Scale Mail Armor
12:44 Horse Collar
15:24 Forging
23:12 Town Watch
26:06 Castle Age
24:05 Gold Mining
24:39 Double-Bit Axe
26:48 Long Swordsman
27:29 Squires
28:22 Chain Mail Armor
35:55 Wheelbarrow
39:11 Hand Cart
Connection lost

Rejoining the realm…

Still unreachable

The connection could not be restored.

Session expired

The server has moved on; the page needs a fresh start.